 Dungeon Crawl Stone Soup version 0.23-a0-329-g6f3f904 (webtiles) character file.

8862 namelastname112 the Fighter (level 11, -4/101 HPs)
             Began as a Black Draconian Wanderer on Oct 16, 2018.
             Was a Follower of Uskayaw.
             Hit by a large rock thrown by a cyclops (5 damage)
             ... on level 10 of the Dungeon.
             The game lasted 00:26:43 (13389 turns).

namelastname112 the Fighter (DrWn)                 Turns: 13389, Time: 00:26:44

Health: -4/101     AC: 11    Str: 14    XL:     11   Next: 15%
Magic:  16/16      EV: 17    Int: 16    God:    Uskayaw [*.....]
Gold:   541        SH:  0    Dex: 13    Spells: 12/12 levels left

rFire    + . .     SeeInvis .   v - +9 dire flail
rCold    + . .     Gourm    .   (shield currently unavailable)
rNeg     . . .     Faith    .   (armour unavailable)
rPois    .         Spirit   .   (helmet restricted)
rElec    +         Reflect  .   u - scarf {rC+ rF+}
rCorr    .         Harm     .   h - +1 pair of gloves {archery}
MR       .....                  C - +1 pair of boots
Stlth    ++........             (no amulet)
HPRegen  0.00/turn              E - +2 ring of slaying
MPRegen  0.15/turn              k - ring of flight

@: no status effects
A: breathe lightning, unfitting armour, antennae 1, blurry vision 1, clever 1,
electricity resistance, inhibited regeneration, cold-blooded, AC +7
a: Breathe Lightning, Stomp, Renounce Religion, Evoke Flight


You were on level 10 of the Dungeon.
You worshipped Uskayaw.
Uskayaw was noncommittal.
You were not hungry.

You visited 2 branches of the dungeon, and saw 11 of its levels.
You also visited: Sewer.

You collected 541 gold pieces.

Inventory:

Hand Weapons
 v - a +9 dire flail (weapon)
Missiles
 a - a throwing net (quivered)
Armour
 h - a +1 pair of gloves of archery (worn)
 u - a scarf of resistance (worn)
 C - a +1 pair of boots (worn)
Jewellery
 k - a ring of flight (right hand)
 n - an uncursed ring of fire
 E - a +2 ring of slaying (left hand)
Wands
 j - a wand of paralysis (10)
 y - a wand of digging (18)
Scrolls
 b - 6 scrolls of identify
 e - 5 scrolls of remove curse
 g - 7 scrolls of teleportation
 i - a scroll of immolation
 q - 2 scrolls of fear
 r - 4 scrolls of amnesia
 t - 3 scrolls of blinking
 w - a scroll of enchant armour
 D - a scroll of summoning
Potions
 c - a potion of magic
 f - a potion of resistance
 l - 3 potions of haste
 m - 5 potions of might
 o - a potion of invisibility
 p - a potion of lignification
 s - a potion of agility
 z - 2 potions of flight
 B - a potion of brilliance
Comestibles
 d - 15 rations


   Skills:
 + Level 10.6 Fighting
   Level 1.2 Long Blades
 * Level 9.4 Maces & Flails
 - Level 1.0 Throwing
 + Level 8.4 Dodging
 - Level 1.0 Stealth
 - Level 1.0 Spellcasting
   Level 2.0 Poison Magic
 * Level 7.4 Invocations


You had 12 spell levels left.
You didn't know any spells.
Your spell library contained the following spells:

 Spells                   Type           Power        Failure   Level  Hunger
 Summon Butterflies       Summ           #.......     22%         1    ##.....
 Summon Small Mammal      Summ           #...         22%         1    ##.....
 Call Imp                 Summ           #.......     34%         2    ###....
 Call Canine Familiar     Summ           #.......     56%         3    ####...
 Summon Guardian Golem    Hex/Summ       #.......     56%         3    ####...
 Summon Ice Beast         Ice/Summ       #.......     92%         4    #####..
 Summon Lightning Spire   Summ/Air       #.......     92%         4    #####..


Dungeon Overview and Level Annotations

Branches:
Dungeon (10/15)            Temple (1/1) D:7             Orc (0/2) D:10
   Lair: D:8-11

Altars:
Ashenzari
Cheibriados
Dithmenos
Elyvilon
Fedhas
Gozag
Hepliaklqana
Kikubaaqudgha
Makhleb
Nemelex Xobeh
Okawaru
Qazlal
Ru
Sif Muna
Trog
Uskayaw
Vehumet
Wu Jian
Xom
Yredelemnul
Zin
The Shining One
Beogh

Shops:
D:9 ?

Portals:
Bailey: D:10

Annotations:
D:6 wazuzu's ghost, novice HOMo


Innate Abilities, Weirdness & Mutations

You can breathe wild blasts of lightning.
Your glossy black scales are hard. (AC +7)
You cannot fit into any form of body armour.
You are resistant to electric shocks. (rElec)
You are cold-blooded and may be slowed by cold attacks.
You have a pair of small antennae on your head.
Scrolls take you a little longer to read.
Your mind is acute. (Int +2)
You do not regenerate when monsters are visible.


Message History

The centaur is no longer sharing its pain.
The howler monkey misses you.
The orc warrior hits you from afar with a +0 trident!
* * * LOW HITPOINT WARNING * * *
You can no longer pass through a line of other dancers.
You take 10 damage, and have 17/101 hp.
A cyclops comes into view.
The howler monkey hits you but does no damage.
The cyclops throws a large rock.
The large rock misses you.
The large rock hits the howler monkey!!!
The howler monkey dies!
The centaur wields a +2 shortbow of velocity.
The centaur shoots an arrow.
The arrow hits you.
* * * LOW HITPOINT WARNING * * *
x2 You take 5 damage, and have 12/101 hp.
Really read with blurry vision while enemies are nearby?
The centaur shoots an arrow.
The arrow hits you!
* * * LOW HITPOINT WARNING * * *
x2 The cyclops throws a large rock.
The large rock hits you.
You die...

#..#######********,*
#############lY..Y........>.,,,**
(...........>YY.Y..........,,,,,,
.<.........###########....,,,,,,,
#########..# #...#******* #..#
#...# #..# #...#
#########..###########$..########
.....††††..†....@.o.ho.........).
.##########.........cW.......)†).
,,********#.C##################.)
*,*,*,*,*,#..# *.) ,,,,,,,,,....#
*..
*,*,*,*,#.#..#*****************..
,,,,,,,.......,,,,,,,,,,,,,,,,,.[
*,*,*,*.#.#...,,,,,,,,,,,,,,,,,..
,,,,,,,,,,,*********,***********,


You could see a cyclops, a wraith, 2 orc warriors, a black bear and a centaur.

Vanquished Creatures
  A queen bee (D:9)
  A troll (D:9)
  A hippogriff (D:8)
  A vampire (D:9)
  8 yaks (D:10)
  A wyvern (D:10)
  A steam dragon (D:7)
  3 hungry ghosts
  Edmund (D:4)
  A warg (D:6)
  A water moccasin (D:9)
  Duvessa (D:7)
  2 sky beasts
  3 ice beasts
  3 black bears
  6 orc warriors
  An eye of draining (D:9)
  2 phantoms
  5 centaurs
  3 ogres (D:5)
  A crocodile (D:8)
  8 bullfrogs
  A big kobold (D:9)
  A wyvern zombie (D:7)
  A wyvern skeleton (D:8)
  Dowan (D:7)
  A water moccasin skeleton (D:4)
  24 killer bees
  3 howler monkeys
  5 crimson imps
  3 hounds
  A quasit (D:9)
  3 jellies
  9 orc wizards
  A bullfrog skeleton (D:9)
  10 orc priests
  Terence (D:2)
  3 iguanas
  5 worker ants
  8 gnolls
  A worker ant zombie (D:8)
  8 adders
  2 river rats (Sewer)
  2 shadow imps
  2 oozes
  An adder skeleton (D:3)
  An adder zombie (D:9)
  3 worms
  6 dart slugs
  6 leopard geckos
  46 orcs
  6 giant cockroaches
  7 hobgoblins
  6 jackals
  13 kobolds
  2 quokkas
  11 ball pythons
  5 bats
  12 frilled lizards
  6 goblins
  2 leopard gecko skeletons
  14 rats
298 creatures vanquished.

Vanquished Creatures (others)
  A howler monkey (D:10)
1 creature vanquished.

Grand Total: 299 creatures vanquished

Notes
Turn   | Place    | Note
-------+----------+-------------------------------------------
     0 | D:1      | namelastname112 the Draconian Wanderer began the quest for
                  | the Orb.
     0 | D:1      | namelastname112 set off with: a +2 mace, a potion of
                  | curing, a ration
     0 | D:1      | Reached XP level 1. HP: 19/19 MP: 2/2
   185 | D:1      | Reached XP level 2. HP: 25/26 MP: 3/3
   204 | D:1      | Reached skill level 1 in Dodging
   373 | D:1      | Reached XP level 3. HP: 33/33 MP: 4/4
   795 | D:2      | Noticed Terence
   800 | D:2      | Reached skill level 4 in Fighting
   816 | D:2      | Killed Terence
   816 | D:2      | Reached XP level 4. HP: 18/40 MP: 5/5
  1573 | D:3      | Reached XP level 5. HP: 36/47 MP: 6/6
  1655 | D:3      | Found a glowing silver altar of Zin.
  1709 | D:3      | Found a shadowy altar of Dithmenos.
  2616 | D:4      | Reached skill level 5 in Fighting
  2616 | D:4      | Reached XP level 6. HP: 53/56 MP: 7/7
  3464 | D:4      | Found a blossoming altar of Fedhas.
  3570 | D:4      | Noticed Edmund
  3598 | D:4      | Killed Edmund
  3919 | D:5      | Entered Level 5 of the Dungeon
  4004 | D:5      | Your scales start taking on a glossy black colour.
  4004 | D:5      | Reached XP level 7. HP: 35/62 MP: 8/8
  4004 | D:5      | Gained mutation: You are resistant to electric shocks.
                  | (rElec) [Black Draconian growth]
  4194 | D:5      | Found a glowing drain.
  4217 | Sewer    | Entered a sewer
  4429 | Sewer    | Reached skill level 6 in Fighting
  4510 | Sewer    | Reached skill level 5 in Maces & Flails
  4969 | D:5      | Gained mutation: Scrolls take you a little longer to read.
                  | [potion of mutation]
  4969 | D:5      | Gained mutation: Your body sometimes deteriorates upon
                  | taking damage. [potion of mutation]
  4969 | D:5      | Gained mutation: Your tail ends in a poisonous barb.
                  | [potion of mutation]
  4969 | D:5      | HP: 3/63 [poisoned by an orc wizard]
  5892 | D:4      | Reached XP level 8. HP: 26/71 MP: 9/9
  6305 | D:5      | Reached skill level 7 in Fighting
  6305 | D:5      | Reached skill level 5 in Dodging
  6598 | D:5      | Lost mutation: Scrolls take you a little longer to read.
                  | [potion of mutation]
  6598 | D:5      | Lost mutation: Your tail ends in a poisonous barb. [potion
                  | of mutation]
  6598 | D:5      | Lost mutation: Your body sometimes deteriorates upon taking
                  | damage. [potion of mutation]
  6598 | D:5      | Gained mutation: Your mind is acute. (Int +2) [potion of
                  | mutation]
  6598 | D:5      | Gained mutation: Scrolls take you a little longer to read.
                  | [potion of mutation]
  6598 | D:5      | Gained mutation: You do not regenerate when monsters are
                  | visible. [potion of mutation]
  6598 | D:5      | Gained mutation: You evolve. [potion of mutation]
  6860 | D:6      | Gained mutation: You have a pair of small antennae on your
                  | head. [evolution]
  6860 | D:6      | Lost mutation: You evolve. [end of evolution]
  7000 | D:6      | Found a shimmering altar of Xom.
  7003 | D:6      | Found an ornate altar of the Wu Jian Council.
  7019 | D:6      | Noticed wazuzu's ghost (novice HOMo)
  7020 | D:6      | Found a runed gate.
  7020 | D:6      | Found a runed gate.
  7020 | D:6      | Found a runed gate.
  7022 | D:6      | Found a roughly hewn altar of Beogh.
  7074 | D:6      | Reached skill level 8 in Fighting
  9021 | D:6      | Reached XP level 9. HP: 70/82 MP: 10/10
  9150 | D:6      | Reached skill level 1 in Long Blades
  9647 | D:7      | Reached skill level 9 in Fighting
  9811 | D:7      | Found an iron altar of Okawaru.
  9822 | D:7      | Found a staircase to the Ecumenical Temple.
  9829 | D:7      | Noticed Dowan
  9831 | D:7      | Noticed Duvessa
  9833 | D:7      | Killed Dowan
  9840 | D:7      | Killed Duvessa
  9955 | Temple   | Entered the Ecumenical Temple
 10026 | Temple   | Became a worshipper of Uskayaw the Reveler
 10070 | D:7      | Reached * piety under Uskayaw
 10072 | D:7      | Reached ** piety under Uskayaw
 10075 | D:7      | Reached *** piety under Uskayaw
 10077 | D:7      | Reached skill level 1 in Invocations
 10078 | D:7      | Reached **** piety under Uskayaw
 10404 | D:8      | Reached ***** piety under Uskayaw
 10878 | D:8      | Found an ancient bone altar of Kikubaaqudgha.
 10956 | D:8      | Reached XP level 10. HP: 85/92 MP: 12/12
 11719 | D:9      | Identified the +4 war axe of Corporal Punishment {freeze,
                  | MR+}
 11725 | D:9      | Reached skill level 10 in Fighting
 11727 | D:9      | Found a snail-covered altar of Cheibriados.
 11787 | D:8      | Reached skill level 5 in Invocations
 13160 | D:9      | Found Wouni's Magic Scroll Boutique.
 13269 | D:10     | Entered Level 10 of the Dungeon
 13312 | D:10     | Reached XP level 11. HP: 61/101 MP: 16/16
 13331 | D:10     | Reached ****** piety under Uskayaw
 13359 | D:10     | Found a flagged portal.
 13389 | D:10     | HP: 4/101 [centaur/arrow (8)]
 13389 | D:10     | HP: 1/101 [centaur/arrow (3)]
 13389 | D:10     | Hit by a large rock thrown by a cyclops

Vault maps used:
D:1:      grunt_arrival_lava_bath, st_stairs_9, minmay_heptomino_w4
D:2:      first_ration, uniq_terence
D:3:      old_standard_altar, hangedman_decor_lopped, chequers_mini_garden,
          grunt_dithmenos_smoke_and_mirrors
D:4:      marbit_many_paths, uniq_edmund
D:5:      cheibrodos_sewer_entry_drain, kennysheep_pointless_box
D:6:      nicolae_overflow_hidden_temple, biasface_ghost_orc_armoury,
          lemuel_flame_loot_1
D:7:      temple_fountains, basic_altar, uniq_duvessa
D:8:      minmay_distorted_concentric_squares, overflow_temple_1_default
D:9:      cheibriados_altar_1, serial_shops, shop, david_nohive_1,
          kennysheep_generic_room_12
D:10:     orc_david_3, basic_altar, enter_bailey_2, fountainhead, st_stairs_10
Temple:   compressed_dpeg_circular_temple
Sewer:    sewer_co_cracked_pipes

Skill      XL: |  1  2  3  4  5  6  7  8  9 10 |
---------------+-------------------------------+-----
Dodging        | 1 2 3 4 6 7 8 |  8.4
Fighting       | 4 5 6 8 9 10 | 10.6
Maces & Flails | 3 4 5 7 9 |  9.4
Long Blades    | 1 |  1.2
Invocations    | 3 7 |  7.4
Throwing       | |  1.0
Stealth        | |  1.0
Spellcasting   | |  1.0
Poison Magic   | |  2.0

Action                   |  1- 3 |  4- 6 |  7- 9 | 10-12 || total
-------------------------+-------+-------+-------+-------++-------
Melee: Mace              |    16 |       |       |       ||    16
       Tailslap          |    11 |    28 |    57 |    27 ||   123
       Short sword       |    81 |   258 |   136 |       ||   475
       Dagger            |       |       |   218 |       ||   218
       Dire flail        |       |       |   114 |   252 ||   366
Throw: Throwing net      |       |       |       |     3 ||     3
 Abil: Breathe Lightning |       |       |    18 |     5 ||    23
  Use: Potion            |       |     1 |    11 |     1 ||    13
       Scroll            |       |       |    15 |     3 ||    18
 Stab: Sleeping          |       |     5 |     1 |       ||     6
       Invisible         |       |       |     1 |       ||     1
       Paralysed         |       |       |     6 |    12 ||    18
       Distracted        |       |       |       |     1 ||     1
  Eat: Chunk             |       |     7 |    12 |     8 ||    27
       Ration            |       |     1 |     4 |     2 ||     7
Armor: Skin              |    33 |    70 |   140 |    62 ||   305
Dodge: Dodged            |    52 |   200 |   364 |   253 ||   869

Table legend:
 A = Non-vault XP
 B = Vault XP
 C = Vault XP percentage of total XP
 D = Non-vault monster count
 E = Vault monster count
 F = Vault count percentage of total count
                 A         B        C        D         E       F
            +---------+---------+-------+---------+---------+-------
      Total |    9839 |    2821 |  22.3 |     236 |      63 |  21.1
            +---------+---------+-------+---------+---------+-------
        D:1 |      48 |      15 |  23.8 |      24 |       7 |  22.6
        D:2 |      42 |      38 |  47.5 |      17 |       1 |   5.6
        D:3 |      80 |       0 |   0.0 |      26 |       0 |   0.0
        D:4 |     446 |     164 |  26.9 |      24 |       1 |   4.0
        D:5 |     981 |       7 |   0.7 |      28 |       2 |   6.7
        D:6 |     403 |     659 |  62.1 |      12 |      12 |  50.0
        D:7 |     889 |     214 |  19.4 |      12 |       2 |  14.3
        D:8 |    1631 |     543 |  25.0 |      25 |       5 |  16.7
        D:9 |    3219 |    1122 |  25.8 |      49 |      15 |  23.4
       D:10 |    2100 |       0 |   0.0 |      19 |       0 |   0.0
      Sewer |       0 |      59 | 100.0 |       0 |      18 | 100.0
            +---------+---------+-------+---------+---------+-------
